 Dungeon Crawl Stone Soup version 0.11.3 (webtiles) character file.

450 jens the Shield-Bearer (level 6, -5/53 HPs)
             Began as a Hill Orc Fighter on Mar 31, 2015.
             Slain by an ogre
             ... wielding a +0,+0 giant spiked club
              (11 damage)
             ... on Level 3 of the Dungeon.
             The game lasted 00:14:13 (2853 turns).

jens the Shield-Bearer (Hill Orc Fighter)           Turns: 2853, Time: 00:14:13

HP  -5/53        AC 10     Str 21      XL: 6   Next: 15%
MP   5/5         EV  6     Int  8      God:
Gold 236         SH 20     Dex 10      Spells:  0 memorised,  5 levels left

Res.Fire  : . . .   See Invis. : .   a - +0 orc hand axe {=f}
Res.Cold  : . . .   Warding    : .   b - +0 orc scale mail
Life Prot.: . . .   Conserve   : .   c - +0 orc shield
Res.Poison: .       Res.Corr.  : .   q - +0 helmet
Res.Elec. : .       Clarity    : .   (no cloak)
Sust.Abil.: . .     Spirit.Shd : .   (no gloves)
Res.Mut.  : .       Stasis     : .   o - +0 pair of orc boots
Res.Rott. : .       Ctrl.Telep.: .   (no amulet)
Saprovore : + . .   Levitation : .   (no ring) Ctrl.Flight: .
                                     (no ring)

@: slightly resistant to hostile enchantments, extremely unstealthy
A: saprovore 1
a: no special abilities


You were on level 3 of the Dungeon.
You were not hungry.

You visited 1 branch of the dungeon, and saw 4 of its levels.

You collected 216 gold pieces.

Inventory:

Hand weapons
 a - a +0,+0 orcish hand axe (weapon) {=f}
 f - a +1,+4 sling
Armour
 b - a +0 orcish scale mail (worn)
 c - a +0 orcish shield (worn)
 o - a +0 pair of orcish boots (worn)
 q - a +0 helmet (worn)
Comestibles
 g - 2 bread rations
 A - a lychee
Scrolls
 i - a scroll of curse jewellery {unknown}
 k - 2 scrolls of remove curse {unknown}
 n - 2 scrolls of teleportation {unknown}
 p - 2 scrolls of enchant armour {unknown}
 s - 2 scrolls of amnesia {unknown}
 t - 2 scrolls of identify {unknown}
 u - 2 scrolls of curse armour {unknown}
 v - a scroll of random uselessness {unknown}
 x - a scroll of noise {unknown}
Jewellery
 y - an uncursed ring of life protection {unknown}
Potions
 d - a potion of agility {unknown}
 e - 3 potions of curing {unknown}
 h - a potion of heal wounds {unknown}
 j - a potion of restore abilities {unknown}
 l - 2 potions of magic {unknown}
 m - a potion of paralysis {unknown}
 r - a potion of confusion {unknown}
 B - a potion of poison {unknown}


   Skills:
 + Level 4.2 Fighting
 + Level 3.2 Axes
 + Level 4.3 Armour
 + Level 1.9 Dodging
 + Level 4.7 Shields
 + Level 0.6 Traps & Doors


You had 5 spell levels left.
You didn't know any spells.

Dungeon Overview and Level Annotations

Branches:
Dungeon (4/27)
 Temple: D:4-7

Altars:
Ashenzari
Makhleb
Nemelex Xobeh


Innate Abilities, Weirdness & Mutations

You can tolerate rotten meat.


Message History

The gnoll barely misses you.
You hit the ogre but do no damage.
The ogre is heavily wounded.
The ogre hits you with a giant spiked club!
* * * LOW HITPOINT WARNING * * *
You block the gnoll's attack.
The gnoll hits you from afar with a spear!
* * * LOW HITPOINT WARNING * * *
There is a stone staircase leading up here.
You can't go down here!
The orc hits you but does no damage. You block the ogre's attack.
The gnoll hits you but does no damage.
You climb upwards.
There is a stone staircase leading down here.
The orc hits you but does no damage. The ogre barely misses you.
There is an escape hatch in the floor here.
You block the orc's attack.
The ogre hits you with a giant spiked club!
You die...

#...#♣).♣....'.....
#.....♣♣♣♣♣..'..###
#)..#♣♣♣♣♣♣..#.##
#####♣♣♣ ♣♣♣####
♣♣♣# ##########
##### #....)...#
##....
#.@......#####..###
#.Oo...........##
#.>......#######
##########


You could see an ogre and an orc.

Vanquished Creatures
  A hound (D:4)
  Crazy Yiuf (D:3)
  An orc wizard (D:4)
  A worker ant (D:2)
  Ijyb (D:2)
  3 adders
  A worm (D:3)
  A bat skeleton (D:4)
  3 orcs
  10 bats
  2 giant cockroaches
  6 hobgoblins
  9 kobolds
  A ball python (D:1)
  A giant cockroach zombie (D:3)
  2 giant geckos
  3 giant newts
  3 goblins (D:1)
  A hobgoblin skeleton (D:3)
  A jackal skeleton (D:3)
  2 orc zombies (D:3)
  9 rats
  A rat skeleton (D:3)
  A toadstool (D:2)
65 creatures vanquished.

Vanquished Creatures (others)
  3 humans (D:3)
  An elf (D:3)
  2 dwarves (D:3)
  An orc (D:3)
  A kobold (D:3)
  3 toadstools
11 creatures vanquished.

Grand Total: 76 creatures vanquished

Notes
Turn   | Place    | Note
--------------------------------------------------------------
     0 | D:1      | jens, the Hill Orc Fighter, began the quest for the Orb.
     0 | D:1      | Reached XP level 1. HP: 19/19 MP: 0/0
   257 | D:1      | Reached XP level 2. HP: 26/26 MP: 1/1
   554 | D:1      | Reached skill level 4 in Fighting
   628 | D:1      | Reached XP level 3. HP: 29/33 MP: 2/2
  1027 | D:2      | Noticed Ijyb
  1047 | D:2      | Killed Ijyb
  1047 | D:2      | Reached XP level 4. HP: 33/40 MP: 3/3
  1112 | D:2      | Reached skill level 1 in Dodging
  1268 | D:2      | Found a shattered altar of Ashenzari.
  1837 | D:3      | Reached XP level 5. HP: 42/46 MP: 4/4
  2221 | D:3      | Noticed a dwarf
  2222 | D:3      | Noticed a human
  2223 | D:3      | Found a burning altar of Makhleb.
  2223 | D:3      | Killed a dwarf
  2224 | D:3      | Noticed an elf
  2224 | D:3      | Noticed a human
  2225 | D:3      | Noticed a dwarf
  2225 | D:3      | Noticed a human
  2226 | D:3      | Killed an elf
  2226 | D:3      | Killed a human
  2228 | D:3      | Killed a human
  2229 | D:3      | Killed a dwarf
  2232 | D:3      | Killed a human
  2371 | D:3      | Noticed Crazy Yiuf
  2385 | D:3      | Killed Crazy Yiuf
  2524 | D:3      | Found a sparkling altar of Nemelex Xobeh.
  2614 | D:4      | Reached XP level 6. HP: 25/53 MP: 5/5
  2795 | D:4      | Noticed an ogre
  2853 | D:3      | Slain by an ogre
